 Dungeon Crawl Stone Soup version 0.26.1-11-gd32895ea62 (webtiles) character file.

Game seed: 17672268572915111593

750 Zeld the Cutter (level 7, -10/45 HPs)
             Began as an Octopode Brigand on May 15, 2021.
             Was a Follower of Fedhas.
             Shot with an arrow by a centaur (13 damage)
             ... on level 6 of the Dungeon.
             The game lasted 00:06:18 (7271 turns).

Zeld the Cutter (Octopode Brigand)                  Turns: 7271, Time: 00:06:19

Health: -10/45     AC:  1    Str: 12    XL:     7   Next: 78%
Magic:  13/13      EV: 13    Int: 13    God:    Fedhas [*.....]
Gold:   182        SH:  0    Dex: 14    Spells: 14/14 levels left

rFire    . . .     SeeInvis .   a - +2 dagger
rCold    . . .     Faith    .   (no shield)
rNeg     . . .     Spirit   .   (helmet restricted)
rPois    .         Reflect  .   (no amulet)
rElec    .         Harm     .   A - ring of willpower
rCorr    .         Rampage  .   (no ring)
Will     +....                  (no ring)
Stlth    ++++......             (no ring)
HPRegen  0.15/turn              (no ring)
MPRegen  0.13/turn              (no ring)
                                (no ring)
                                (no ring)

@: no status effects
A: almost no armour, stealthy swim, amphibious, 8 rings, constrict 8, camouflage
1, gelatinous body 1
a: Renounce Religion


You were on level 6 of the Dungeon.
You worshipped Fedhas.
Fedhas was aware of your devotion.
You visited 2 branches of the dungeon, and saw 7 of its levels.
You also visited: Sewer.

You collected 182 gold pieces.

Inventory:

Hand Weapons
 a - a +2 dagger (weapon)
Missiles
 b - 8 poisoned darts (quivered)
 c - 2 curare-tipped darts
Jewellery
 h - an uncursed amulet of the acrobat {unknown}
 A - a ring of willpower (left tentacle)
Wands
 d - a wand of acid (8)
 r - a wand of flame (10)
 w - a wand of iceblast (9)
Scrolls
 e - 2 scrolls of fear
 f - 6 scrolls of teleportation
 g - 3 scrolls of blinking
 o - 3 scrolls of remove curse
 q - 2 scrolls of magic mapping
 s - a scroll of amnesia {unknown}
 t - 2 scrolls of enchant weapon {unknown}
 y - 2 scrolls of fog {unknown}
Potions
 j - 2 potions of curing {unknown}
 k - 3 potions of lignification {unknown}
 m - a potion of might {unknown}
 n - 2 potions of brilliance {unknown}
 p - a potion of berserk rage {unknown}
 u - 3 potions of heal wounds {unknown}
 v - a potion of degeneration {unknown}
Miscellaneous
 z - a phial of floods


   Skills:
 - Level 2.0 Fighting
 * Level 7.1 Short Blades
 - Level 2.0 Throwing
 - Level 1.0 Dodging
 - Level 5.3 Stealth
 + Level 4.1 Spellcasting


You had 14 spell levels left.
You didn't know any spells.
Your spell library contained the following spells:

 Spells                   Type           Power        Failure   Level
 Sting                    Tmut/Pois      8%           21%         1
 Poisonous Vapours        Pois/Air       4%           30%         2
 Ignite Poison            Fire/Tmut/Pois 2%           52%         3
 Mephitic Cloud           Conj/Pois/Air  2%           52%         3
 Olgreb's Toxic Radiance  Pois           2%           90%         4


Dungeon Overview and Level Annotations

Branches:
Dungeon (6/15)             Temple (1/1) D:4           Sewer (visited)

Altars:
Ashenzari
Cheibriados
Dithmenos
Elyvilon
Fedhas
Gozag
Hepliaklqana
Kikubaaqudgha
Makhleb
Okawaru
Qazlal
Ru
Sif Muna
Trog
Uskayaw
Vehumet
Wu Jian
Xom
Yredelemnul
Zin
The Shining One

Shops:
D:5 (

Annotations:
D:5 3 runed translucent doors, Tocho's ghost, amateur OgWz


Innate Abilities, Weirdness & Mutations

You cannot wear most types of armour.
You are very stealthy in the water. (Stealth+)
You are amphibious.
You can wear up to eight rings at the same time.
You can use your tentacles to constrict eight enemies at once.
Your skin changes colour to match your surroundings (Stealth+).
Your rubbery body absorbs attacks. (AC +1, EV +1)


Message History

An orc comes into view. It is wielding a +0 mace.
An orc is nearby!
An orc priest comes into view. It is wielding a +0 dagger.
An orc priest comes into view.
It is wielding a +1 dagger of electrocution.
The orc shouts!
The orc priest shouts!
You hear a shout!
A centaur comes into view.
The centaur wields a +0 shortbow.
The centaur shoots an arrow.
The arrow hits you!
Found 9 gold pieces.
You see here an arrow.
The orc priest invokes the aid of Beogh against you.
Beogh smites you!
The centaur shoots an arrow.
The arrow hits you!
The centaur shoots an arrow.
The arrow hits you!
* * * LOW HITPOINT WARNING * * *
You see here 2 arrows.
The centaur shoots an arrow.
The arrow completely misses you.
The centaur shoots an arrow.
The arrow hits you!
You die...
Fedhas appreciates your contribution to the ecosystem.

#......# ..#
#......#######.# #.#
...............###.#
....................
..################.##
......... ... #.#######
#.##### #.#
###########.....# #.#
#<.......@..o...# #.#
#####...###(....########
#.# #...# #....o.......#
#.# #...# #............#
#.# #...# #....c(......#
#.# #...# ######.o.....#
#.##############
$.......# #.#........#
.......... #.#.######.#
#...#####..


You could see a centaur, an orc priest and an orc.

Vanquished Creatures
  An ogre (D:4)
  3 bullfrogs
  A hound (D:4)
  A bullfrog skeleton (D:5)
  Ijyb (D:4)
  Natasha (thrice) (D:4)
  5 worker ants
  A hound skeleton (D:5)
  9 adders
  A shadow imp (D:5)
  2 oozes (D:2)
  A worm (D:2)
  2 dart slugs
  8 leopard geckos
  An orc (D:3)
  7 bats
  5 giant cockroaches
  6 goblins
  7 hobgoblins
  2 jackals (D:1)
  A quokka (D:3)
  5 ball pythons
  8 frilled lizards
  2 kobolds
  2 leopard gecko skeletons (D:4)
  A quokka zombie (D:6)
  11 rats
97 creatures vanquished.

Notes
Turn   | Place    | Note
-------+----------+-------------------------------------------
     0 | D:1      | Zeld the Octopode Brigand began the quest for the Orb.
     0 | D:1      | Reached XP level 1. HP: 14/14 MP: 1/1
    52 | D:1      | Reached XP level 2. HP: 13/19 MP: 2/2
   864 | D:1      | Reached skill level 1 in Spellcasting
   903 | D:1      | Reached skill level 3 in Short Blades
  1050 | D:1      | Reached XP level 3. HP: 14/24 MP: 4/4
  2534 | D:3      | Reached XP level 4. HP: 29/29 MP: 6/6
  3140 | D:4      | Reached skill level 4 in Short Blades
  3198 | D:4      | Reached XP level 5. HP: 17/34 MP: 8/8
  3631 | D:4      | Noticed Ijyb
  3633 | D:4      | Found an iron altar of Okawaru.
  3648 | D:4      | Killed Ijyb
  3649 | D:4      | Reached skill level 5 in Short Blades
  3649 | D:4      | Reached XP level 6. HP: 22/39 MP: 8/10
  4321 | D:4      | Noticed Natasha
  4328 | D:4      | Killed Natasha
  4397 | D:4      | Found a staircase to the Ecumenical Temple.
  4599 | D:4      | Noticed Natasha
  4609 | D:4      | Killed Natasha
  4610 | D:4      | Reached skill level 6 in Short Blades
  4610 | D:4      | Reached XP level 7. HP: 22/45 MP: 10/12
  4644 | D:4      | Noticed Natasha
  4868 | D:4      | Killed Natasha
  5091 | Temple   | Entered the Ecumenical Temple
  5106 | Temple   | Became a worshipper of Fedhas Madash
  5209 | D:5      | Entered Level 5 of the Dungeon
  5293 | D:5      | Found a glowing drain.
  5405 | Sewer    | Entered a sewer
  6040 | D:5      | Reached * piety under Fedhas
  6126 | D:5      | Reached skill level 7 in Short Blades
  6400 | D:5      | Found Isemul's Antique Weapon Shoppe.
  6543 | D:5      | Found a runed translucent gate.
  6543 | D:5      | Found an opulent altar of Gozag.
  6544 | D:5      | Found a runed translucent gate.
  6545 | D:5      | Found a runed translucent gate.
  6546 | D:5      | Noticed a troll
  6546 | D:5      | Noticed Tocho's ghost (amateur OgWz)
  7269 | D:6      | HP: 2/45 [centaur/arrow (12)]
  7271 | D:6      | Shot with an arrow by a centaur

Illustrated notes

Levels and vault maps discovered:
D:1:      dpeg_arrival_connections, layout_loops_cross
D:2:      layout_basic
D:3:      layout_rooms
D:4:      layout_basic, minmay_temple_entry_nine_rooms,
          okawaru_ov_weapons_minmay, uniq_ijyb, uniq_natasha
D:5:      layout_loops_ring, serial_shops, shop, ebering_ghost_gozag,
          gup_sewer_entry_glass
D:6:      layout_basic, basic_altar, gammafunk_ghost_smash, hex_intersection,
          st_stairs_2
Temple:   dpeg_three_leaves_temple

Skill      XL: |  1  2  3  4  5  6  7 |
---------------+----------------------+-----
Spellcasting   | 1 2 3 4 |  4.1
Short Blades   | 3 4 5 6 7 |  7.1
Fighting       | |  2.0
Throwing       | |  2.0
Dodging        | |  1.0
Stealth        | |  5.3

Action                   |  1- 3 |  4- 6 |  7- 9 || total
-------------------------+-------+-------+-------++-------
Melee: Dagger            |    79 |    87 |    93 ||   259
       Tentacles         |    10 |    20 |    20 ||    50
       Constrict         |    12 |    19 |    19 ||    50
Throw: Dart              |     1 |     4 |       ||     5
  Use: Scroll            |       |       |     8 ||     8
 Stab: Sleeping          |    11 |     6 |     3 ||    20
       Distracted        |       |       |     1 ||     1
Armor: Skin              |     5 |     3 |     4 ||    12
Dodge: Dodged            |    36 |    48 |    36 ||   120
